[Event "*** Titled Tuesday Blitz"]
[Site "Chess.com"]
[Date "2021.04.20"]
[Round "1"]
[White "Majesth"]
[Black "MIJuanReyesRosa"]
[Result "1-0"]
[WhiteElo "2484"]
[BlackElo "2019"]
[TimeControl "180+1"]
[EndTime "10:08:13 PDT"]
[Termination "Majesth won by checkmate"]

1. d4 e6 2. e4 c5 3. d5 Nf6 4. Nc3 d6 5. Bb5+ Bd7 6. a4 Be7 7.
dxe6 fxe6 8. e5 dxe5 9. Nf3 Nc6 10. O-O O-O 11. Bxc6 Bxc6 12. Nxe5 Qxd1 13. Rxd1 Rfd8 14.
Bg5 Rxd1+ 15. Rxd1 Be8 16. Nb5 h6 17. Nc7 Rc8 18.
Nxe8 hxg5 19. Nxf6+ gxf6 20. Rd7 Rd8 21. Rxd8+ Bxd8 22. Nd7 Be7 23. a5 Kg7 24. a6 bxa6 25.
Nb8 Bd6 26. Nc6 Bc7 27. Nxa7 Kf7 28. g3 g4 29. Kg2 Ke8 30. f3 Kd7 31. c4 gxf3+ 32.
Kxf3 Bb6 33. Nb5 axb5 34. cxb5 c4 35. g4 Kd6 36. Ke4 Kc5 37. h4 Kb4 38. g5 fxg5 39.
hxg5 Bc5 40. g6 Bf8 41. b6 Kb3 42. b7 Bd6 43. g7 Kxb2 44. g8=Q c3 45. Qxe6 c2 46.
Qxd6 c1=Q 47. b8=Q+ Ka1 48. Qa6+ Qa3 49. Qxa3# 1-0

[Event "*** Titled Tuesday Blitz"]
[Site "Chess.com"]
[Date "2021.04.20"]
[Round "1"]
[White "Smile2005"]
[Black "NikolaGry"]
[Result "0-1"]
[WhiteElo "2384"]
[BlackElo "2705"]
[TimeControl "180+1"]
[EndTime "10:08:14 PDT"]
[Termination "NikolaGry won by checkmate"]

1. Nf3 c5 2. g3 b6 3. Bg2 Bb7 4. O-O Nf6 5. d3 e6 6. Nbd2 d6 7. e4 Nbd7 8. c3 Be7 9. a4 a6 10.
Re1 O-O 11. d4 cxd4 12. Nxd4 Qc7 13. Nf1 Rfe8 14. h4 Bf8 15. Nh2 Rad8 16. Ng4 Nxg4 17. Qxg4 Nf6 18. Qe2 h6 19. g4 e5 20. Nf5 d5 21. g5 Nxe4 22. Bxe4 dxe4 23. gxh6 g6 24. Ng3 f5 25. h5 Qc6 26. hxg6 Qxg6 27. Qh5 Qxh5 28.
Nxh5 Kf7 29. Ng3 Ke6 30. Bg5 Be7 31. Bxe7 Rxe7 32. Rad1 Rxd1 33. Rxd1 Rh7 34. Rd8 f4 35. Ne2 Rxh6 36. Rb8 Rh7 37. Re8+ Kf5 38. Rf8+ Kg4 39.
Kf1 e3 40. fxe3 Rh1+ 41. Ng1 fxe3 42. Rg8+ Kf4 43. Rf8+ Ke4 44. Rb8 Bd5 45. Rxb6 e2+ 46. Kxe2 Rxg1 47. Kd2 Rg2+ 48. Kc1 Kd3 49. b4 Kxc3 50. Kd1 Bf3+ 51. Ke1 e4 52. Rxa6 e3 53. Kf1 e2+ 54. Ke1 Rg1+ 55. Kf2 e1=Q+ 56. Kxf3 Rg3+ 57. Kf4 Qe3+ 58. Kf5 Rg5+ 59. Kf6 Qe5+ 60. Kf7 Rg7+ 61. Kf8 Qe7# 0-1

[Event "*** Titled Tuesday Blitz"]
[Site "Chess.com"]
[Date "2021.04.20"]
[Round "1"]
[White "valeriocarnicelli"]
[Black "TimKett"]
[Result "0-1"]
[WhiteElo "2545"]
[BlackElo "2249"]
[TimeControl "180+1"]
[EndTime "10:08:14 PDT"]
[Termination "TimKett won by resignation"]

1. e4 e5 2. Nf3 Nc6 3. Bc4 Nf6 4. d3 Bc5 5. c3 d6 6. h3 a6 7. a4 Ba7 8. Nbd2 O-O 9. Nf1 d5 10. exd5 Nxd5 11. Ng3 h6 12. O-O Be6 13. Re1 Nf4 14.
Bxe6 fxe6 15. Bxf4 exf4 16. Ne4 Qd7 17. d4 Rad8 18. Qb3 Na5 19. Qa2 Qd5 20. Qxd5 exd5 21. Ned2 c5 22. dxc5 Nc4 23. Nxc4 dxc4 24. Re5 Rfe8 25.
Rae1 Rxe5 26. Rxe5 Rd1+ 27. Kh2 Rb1 28. Re8+ Kh7 29. Re4 Rxb2 30. Rxc4 Rxf2 31. h4 Kg6 32. Kh3 Kf5 33. c6 bxc6 34. Rxc6 g5 35. hxg5 hxg5 36. Nd4+ Bxd4 37. cxd4 g4+ 38. Kh4 Rxg2 39.
Rc5+ Ke4 40. d5 Rd2 41. Rc4+ Ke5 42. Kxg4 Rg2+ 43. Kf3 Rg3+ 44. Kf2 Rd3 45. Rc5 Rxd5 46. Rc6 a5 47. Rc8 Kd4 48. Rf8 Ke4 49. Rb8 Rd2+ 50.
Ke1 Rd5 51. Re8+ Kd3 52. Rb8 Rd4 53. Rb3+ Ke4 54. Rb5 Rxa4 55. Ke2 Ra2+ 56. Ke1 a4 57. Rb4+ Kf3 58. Kd1 a3 59. Rb3+ Kg2 60. Ke1 f3 61. Kd1 f2 0-1

[Event "*** Titled Tuesday Blitz"]
[Site "Chess.com"]
[Date "2021.04.20"]
[Round "1"]
[White "queen_iryna"]
[Black "blitzking1729"]
[Result "0-1"]
[WhiteElo "2336"]
[BlackElo "2639"]
[TimeControl "180+1"]
[EndTime "10:08:16 PDT"]
[Termination "blitzking1729 won on time"]

1. e4 d6 2. d4 Nf6 3. Nc3 e5 4. dxe5 dxe5 5. Qxd8+ Kxd8 6. Bg5 Be6 7. g3 Kc8 8. O-O-O Nbd7 9. f4 h6 10. Bh4 Bg4 11. Be2 Bc5 12. h3 Bxe2 13. Ngxe2 g5 14. fxg5 Be3+ 15. Kb1 hxg5 16. Rd3 gxh4 17. Rxe3 hxg3 18.
Rxg3 Kd8 19. h4 c6 20. Rg5 Ke7 21. Ng3 Rag8 22. Nf5+ Kf8 23. Rhg1 Rxg5 24. hxg5 Ng8 25. b4 Ne7 26. Nd6 b6 27. Rf1 Rh7 28. b5 cxb5 29.
Ncxb5 a6 30. Nc7 Nc5 31. Na8 b5 32. Nb6 Kg8 33. c4 Rg7 34. cxb5 axb5 35. Nxb5 Rxg5 36. Nd6 Rg6 37. Nbc4 f6 38. Kc2 Nc6 39. Rb1 Nd4+ 40.
Kc3 Rg3+ 41. Kb4 Nd3+ 42. Ka5 Kf8 43. Rb8+ Ke7 44. Re8+ Kd7 45. Rf8 Nc6+ 46. Kb6 Ne7 47. Rxf6 Nb4 48. Kb5 Nxa2 49. Rf7 Nc3+ 50. Kb6 Ke6 51.
Rh7 Rg6 52. Nf5 Nxf5 53. exf5+ Kxf5+ 54. Kc5 Ne4+ 55. Kd5 Nf6+ 0-1

[Event "*** Titled Tuesday Blitz"]
[Site "Chess.com"]
[Date "2021.04.20"]
[Round "1"]
[White "Jumbo"]
[Black "lucachess49"]
[Result "1-0"]
[WhiteElo "2817"]
[BlackElo "2436"]
[TimeControl "180+1"]
[EndTime "10:08:18 PDT"]
[Termination "Jumbo won on time"]

1. d4 Nf6 2. c4 e6 3. g3 d5 4. Bg2 dxc4 5. Qa4+ Bd7 6. Qxc4 Bc6 7. Nf3 Be7 8. Nc3 O-O 9. O-O a6 10. Bf4 Nbd7 11. Rfe1 Nb6 12. Qd3 Nbd5 13. Bd2 Nxc3 14. Bxc3 Be4 15. Qe3 Qd5 16. Red1 h6 17. Qf4 Bd6 18.
Qc1 Rfd8 19. Ne1 Bxg2 20. Nxg2 Qh5 21. f3 c5 22. dxc5 Bxc5+ 23. Kh1 Nd5 24. Bxg7 Bf2 25. Qxh6 Qxh6 26. Bxh6 Rac8 27. Rac1 Nb4 28. a3 Nd5 29. e4 Nb6 30. Bg5 Rxd1+ 31. Rxd1 Rc2 32. Bf6 Nc4 33. Nf4 Bb6 34. Nd3 Ne3 35. Rc1 Rd2 36.
Nf4 Kh7 37. h4 Nc2 38. Bc3 Rf2 39. Nh3 Re2 40. Rd1 Ne3 41. Rd7 Rc2 42. Rxf7+ Kg6 43.
Rg7+ Kh6 44. Nf4 Rc1+ 45. Kh2 Rc2+ 46. Kh3 Rc1 47. Kh2 Rc2+ 48. Kh3 Rc1 49. g4 Rh1+ 50. Kg3 Rg1+ 51. Kf2 Nf5+ 52. Ke2 Nxg7 53. g5+ Kh7 54. h5 1-0

[Event "*** Titled Tuesday Blitz"]
[Site "Chess.com"]
[Date "2021.04.20"]
[Round "1"]
[White "ecwinslow"]
[Black "AlexPapasimakopoulos"]
[Result "0-1"]
[WhiteElo "2290"]
[BlackElo "2603"]
[TimeControl "180+1"]
[EndTime "10:08:18 PDT"]
[Termination "AlexPapasimakopoulos won by resignation"]

1. e4 e6 2. d4 d5 3. Nd2 Nf6 4. e5 Nfd7 5. Bd3 c5 6. c3 Nc6 7.
Ne2 cxd4 8. cxd4 f6 9. exf6 Nxf6 10. O-O Bd6 11. Nf3 Qc7 12. h3 O-O 13. Be3 Bd7 14. Re1 Be8 15. Ng5 Bf7 16. Rc1 h6 17. Nxf7 Qxf7 18. a3 e5 19. dxe5 Bxe5 20. Qc2 Rac8 21. b4 Nxb4 22. Qxc8 Nxd3 23. Qf5 Nxc1 24. Nxc1 Bd6 25. Bxa7 Bxa3 26. Nd3 Bd6 27. Bd4 Re8 28. Bxf6 Rxe1+ 29. Nxe1 gxf6 30. Nc2 Be5 31. Ne3 d4 32. Ng4 Kg7 33. Nxe5 fxe5 34. Qxe5+ Qf6 35. Qc7+ Kg6 36. Qxb7 Qf4 37. g3 Qe5 38. Kf1 Qc5 39. Qe4+ Kf6 40. Qd3 Qd5 41. Ke2 Qe6+ 42. Kd2 Qa2+ 43.
Ke1 Qa1+ 44. Ke2 Ke5 45. Qb5+ Kd6 46. Qd3 Qb2+ 47. Kf3 Qb7+ 48. Kf4 Qf7+ 49. Ke4 Qd5+ 50.
Kf4 Qe5+ 51. Kf3 Qd5+ 52. Kf4 Kc5 53. g4 Qd6+ 54. Kf3 Qd5+ 55. Kf4 Qc4 56. Qf5+ Kb4 57. Qb1+ Qb3 58. Qe4 Kc3 59. Ke5 Qb5+ 60. Kf4 Qg5+ 61. Kf3 Qf6+ 62. Ke2 Qa6+ 63. Kf3 d3 64. h4 Qf6+ 65.
Ke3 Qb6+ 66. Kf3 d2 67. Qe5+ Qd4 68. Qa5+ Kc2 69. Qa2+ Qb2 70. Qc4+ Qc3+ 0-1

[Event "*** Titled Tuesday Blitz"]
[Site "Chess.com"]
[Date "2021.04.20"]
[Round "1"]
[White "Zq1"]
[Black "starplatinum2030"]
[Result "0-1"]
[WhiteElo "2542"]
[BlackElo "2252"]
[TimeControl "180+1"]
[EndTime "10:08:18 PDT"]
[Termination "starplatinum2030 won on time"]

1. d4 Nf6 2. c4 e6 3. Nc3 Bb4 4. e3 O-O 5. Bd3 c5 6. Ne2 d5 7. cxd5 exd5 8. a3 Bxc3+ 9. bxc3 Bg4 10. f3 Bh5 11. Nf4 Bg6 12. Nxg6 hxg6 13. O-O Nc6 14.
a4 b6 15. Ba3 Re8 16. Re1 Nd7 17.
Bb5 Re6 18. e4 cxd4 19. exd5 Rxe1+ 20. Qxe1 Na5 21. cxd4 Nf6 22. d6 a6 23. Bd3 Qd7 24. Qe7 Qxa4 25. Bb2 Qb3 26. Qe2 Rd8 27. Bxa6 Rxd6 28.
Rd1 Nd5 29. Bd3 Re6 30. Qc2 Qxc2 31. Bxc2 Ne3 32. Rc1 Nac4 33. Bc3 Nxc2 34. Rxc2 b5 35. Kf2 f6 36. Bb4 Kf7 37. d5 Re5 38. d6 Ke6 39. f4 Re4 40. Kf3 f5 41. g4 Nxd6 42. Bxd6 Kxd6 43. gxf5 gxf5 44. Rg2 Re7 45. Rg5 Rf7 46. Ke3 Kc5 47. Kd3 b4 48. h4 Kd5 49. h5 b3 50.
Kc3 Ke4 51. Kxb3 Kxf4 52. Rg2 Ke5 53. Re2+ Kf6 54. Rg2 f4 55. Kc4 Rd7 56. Rg1 Kf5 57. Kc5 f3 58. Kc6 Rf7 59. Kd5 f2 0-1

[Event "*** Titled Tuesday Blitz"]
[Site "Chess.com"]
[Date "2021.04.20"]
[Round "1"]
[White "muchojogo"]
[Black "Indianlad"]
[Result "0-1"]
[WhiteElo "2461"]
[BlackElo "2923"]
[TimeControl "180+1"]
[EndTime "10:08:20 PDT"]
[Termination "Indianlad won by resignation"]

1. d4 Nf6 2. Bf4 g6 3. e3 Bg7 4. Nf3 O-O 5. Be2 d6 6. h3 Nbd7 7. O-O Qe8 8. Bh2 e5 9. c4 b6 10. a4 Bb7 11. a5 a6 12. Nc3 Qe7 13. Qb3 exd4 14. exd4 Ne4 15. Rfe1 Kh8 16. Bd3 f5 17. Qc2 Rae8 18. axb6 cxb6 19. Re2 Ndf6 20. Rae1 Qd8 21. d5 Nc5 22. b4 Nxd3 23. Qxd3 Rxe2 24. Rxe2 Re8 25.
Rxe8+ Nxe8 26. Nd4 Qf6 27. Nce2 Nc7 28. Bf4 h6 29.
Bd2 b5 30. cxb5 axb5 31. Nxb5 Nxd5 32. Nbd4 f4 33. Nf3 g5 34. b5 Qa1+ 35. Kh2 Qf1 36. Be1 Kg8 37. Nxf4 Qxd3 38. Nxd3 Kf7 39. Bd2 Nc3 40.
Nb4 Nxb5 41. Be3 Ke6 42. Nc2 Bxf3 43. gxf3 Be5+ 44. Kg2 d5 45. Kf1 d4 46. Bd2 Kd5 47.
Ke2 Kc4 48. Ne1 Nc3+ 49. Bxc3 dxc3 50. Nc2 Bf4 51. Ne1 Bd2 52. Nc2 h5 53. Kd1 Bf4 54.
Ke2 Bd6 55. Ne3+ Kb3 56. Kd3 Bc5 57. Nc2 Bxf2 58. Na1+ Kb2 59. Nc2 Bc5 60. Ne1 Be7 61. Nc2 Bf6 62. Ne3 Kb3 63. Nc2 Be5 64. Ne3 Bf4 65.
Nc2 Bd2 66. Nd4+ Kb4 67. Nc2+ Kc5 68. Nd4 Kd5 69. Nc2 Ke5 70. Ke2 Kf4 71. Kf2 Bc1 72.
Nd4 Be3+ 0-1

[Event "*** Titled Tuesday Blitz"]
[Site "Chess.com"]
[Date "2021.04.20"]
[Round "1"]
[White "alexgo05"]
[Black "poppy73"]
[Result "0-1"]
[WhiteElo "2493"]
[BlackElo "2215"]
[TimeControl "180+1"]
[EndTime "10:08:20 PDT"]
[Termination "poppy73 won by resignation"]

1. d4 Nf6 2. Nc3 d5 3. Bg5 Nbd7 4. f3 h6 5. Bh4 e6 6. e4 dxe4 7.
fxe4 Be7 8. Qf3 c5 9. dxc5 Nxc5 10. Bb5+ Bd7 11. O-O-O Qc7 12. Bxd7+ Ncxd7 13. Nge2 Ne5 14. Qh3 O-O 15. Rhf1 Ng6 16. Bg3 Qc5 17. Nf4 Nxf4 18. Bxf4 Rac8 19. Rd2 Qh5 20. Qg3 Rxc3 21. Qxc3 Nxe4 22.
Qc7 Nxd2 23. Bxd2 Bg5 24. Qxb7 Qe2 25. Rd1 Rd8 26. Qf3 Rxd2 27. Qxe2 Rxe2+ 28. Kb1 Rxg2 29. c4 Rxh2 30. c5 Rd2 31. Rc1 Rd8 32. Rc4 Rd1+ 33. Kc2 Rc1+ 34. Kb3 Rxc4 35. Kxc4 Bf4 36. b4 h5 37. Kd4 h4 38. Ke4 Bb8 39. b5 h3 40.
Kf3 g5 41. a4 g4+ 42. Kf2 g3+ 43. Kg1 g2 44. a5 Be5 45. b6 axb6 46. a6 Bd4+ 47.
Kh2 g1=Q+ 48. Kxh3 Qh1+ 49. Kg4 Bxc5 50. a7 Qg2+ 51.
Kf4 f6 52. a8=Q+ Qxa8 53. Kg4 Qe4+ 54. Kh5 Qf5+ 55. Kh4 Qg5+ 56. Kh3 Bf2 57. Kh2 Qg3+ 0-1

[Event "*** Titled Tuesday Blitz"]
[Site "Chess.com"]
[Date "2021.04.20"]
[Round "1"]
[White "Savagelittlemole"]
[Black "MerryPoppies"]
[Result "1-0"]
[WhiteElo "2506"]
[BlackElo "2127"]
[TimeControl "180+1"]
[EndTime "10:08:21 PDT"]
[Termination "Savagelittlemole won by resignation"]

1. e4 e5 2. Nf3 Nc6 3. Bb5 a6 4. Ba4 Nf6 5. O-O b5 6. Bb3 Be7 7. h3 O-O 8. c3 d5 9. exd5 Nxd5 10. d4 e4 11. Ne5 Nxe5 12. dxe5 c6 13. Qe2 Bf5 14. Nd2 Qc7 15. Nxe4 Qxe5 16. Ng3 Qxe2 17.
Nxe2 Bd3 18. Re1 Bf6 19. Nf4 Nxf4 20. Bxf4 Rfe8 21. Bd6 Rad8 22. Bc5 g6 23. a4 Rxe1+ 24. Rxe1 Bf5 25. Be3 Kg7 26. axb5 axb5 27. Ra1 Rd7 28.
Ra6 Be4 29. f3 Bd5 30. Bxd5 cxd5 31. Rb6 d4 32. cxd4 Rd5 33. Kf2 Bxd4 34. Bxd4+ Rxd4 35. Rxb5 Rd2+ 36. Kg3 Kf6 37. h4 h6 38. b4 Rb2 39. Kh3 g5 40. g3 Rb3 41. Kg4 Kg6 42.
Rb6+ f6 43. h5+ Kf7 44. f4 gxf4 45. gxf4 Ke7 46. Kf5 Rf3 47. b5 Rh3 48. Kg6 Rf3 49. f5 Rg3+ 50. Kxh6 Rg5 51. Rb7+ Kd6 52. Rg7 Rxf5 53.
b6 Rb5 54. b7 Ke6 55. Rh7 f5 56. Kg5 Ke5 57. h6 f4 58. Re7+ Kd6+ 59. Kf6 f3 60.
Re1 Rxb7 61. Kg6 Rb8 62. h7 Rf8 63. Kg7 f2 64. Rf1 Re8 65. h8=Q Rxh8 66. Kxh8 Ke5 67. Rxf2 Ke4 68. Kg7 1-0

[Event "*** Titled Tuesday Blitz"]
[Site "Chess.com"]
[Date "2021.04.20"]
[Round "1"]
[White "AlexTriapishko"]
[Black "MustafayevFarid2004"]
[Result "1-0"]
[WhiteElo "2891"]
[BlackElo "2456"]
[TimeControl "180+1"]
[EndTime "10:08:22 PDT"]
[Termination "AlexTriapishko won by resignation"]

1. Nf3 Nf6 2. c4 g6 3. Nc3 Bg7 4. e4 d6 5. d4 O-O 6. Be2 e5 7. dxe5 dxe5 8. Qxd8 Rxd8 9. Bg5 Re8 10. Nd5 Nxd5 11. cxd5 c6 12. Bc4 Bd7 13. O-O-O cxd5 14. Bxd5 Bc6 15. Kb1 Bxd5 16. Rxd5 Nc6 17. Rhd1 h6 18. Be3 b6 19. Rd7 Rad8 20. h4 f5 21. R1d6 Rxd7 22. Rxd7 f4 23. Bd2 Rd8 24. Rxd8+ Nxd8 25. Bc3 Nc6 26.
Kc2 Kf7 27. a4 a6 28. Kd3 b5 29. axb5 axb5 30. Ne1 Ke6 31. Nc2 Bf8 32. g3 Bc5 33. Ke2 b4 34. Bd2 b3 35. Na1 Nd4+ 36.
Kd3 Nf3 37. gxf4 Nxd2 38. Kxd2 exf4 39. Ke2 Bd4 40. Nxb3 Bxb2 41. Nc5+ Kf6 42. Nd3 Be5 43. Kf3 g5 44. Kg4 Bd4 45. f3 Be3 46. hxg5+ hxg5 47. Nb4 Kg6 48. Nd5 Bd4 49. Ne7+ Kf6 50. Nf5 Be5 51. Kh5 Bc7 52. Nh6 Bd8 53. Ng4+ Ke6 54. Kg6 Kd6 55. Kf5 Kc5 56. e5 Kd4 57. e6 Kd3 58. Ne5+ Ke3 59.
Nc6 g4 60. Kxg4 Bf6 61. e7 Bxe7 62. Nxe7 1-0

[Event "*** Titled Tuesday Blitz"]
[Site "Chess.com"]
[Date "2021.04.20"]
[Round "1"]
[White "chess94cu"]
[Black "rachidhuilda"]
[Result "1-0"]
[WhiteElo "2605"]
[BlackElo "2301"]
[TimeControl "180+1"]
[EndTime "10:08:22 PDT"]
[Termination "chess94cu won by resignation"]

1. d4 Nf6 2. Nf3 d5 3. c4 c6 4.
Nbd2 Bf5 5. Qb3 Qb6 6. c5 Qc7 7. e3 Nbd7 8. Nh4 Bg4 9. h3 Be6 10. f4 g6 11. g4 Bg7 12. Ndf3 Ne4 13. Bd3 O-O 14. Rg1 Ndf6 15. Ne5 b6 16. cxb6 axb6 17. f5 Bc8 18. g5 Nh5 19. fxg6 hxg6 20. Bxe4 dxe4 21.
Nhxg6 Be6 22. Qd1 fxg6 23. Nxg6 Qh2 24. Qxh5 Qf2+ 25. Kd1 Qxg1+ 26. Kc2 Rf2+ 27. Kb1 Bf7 28. Nxe7+ Kf8 29. g6 Rf1 30. Kc2 Qf2+ 31. Kc3 Kxe7 32.
gxf7 Qxf7 33. Qg5+ Qf6 34. Qg2 c5 35. Qxe4+ Kf8 36. Qxa8+ Kf7 37. Qb7+ Kg6 38. Qe4+ Kf7 39. Kb3 cxd4 40. exd4 Qxd4 41. Qxd4 Bxd4 42. a4 Be3 43. Kc2 Bxc1 44. Rxc1 Rf2+ 45. Kb1 Ke6 46. Rc3 Rf1+ 47. Ka2 Kd5 48. Kb3 Rf4 49. Ka3 Rf1 50. Kb4 Ra1 51. b3 Kd6 52. Kb5 Rd1 53. Kxb6 1-0

[Event "*** Titled Tuesday Blitz"]
[Site "Chess.com"]
[Date "2021.04.20"]
[Round "1"]
[White "NONmaster99"]
[Black "klimkoj"]
[Result "0-1"]
[WhiteElo "2315"]
[BlackElo "2614"]
[TimeControl "180+1"]
[EndTime "10:08:24 PDT"]
[Termination "klimkoj won on time"]

1. c4 Nf6 2. Nc3 e6 3. e4 d5 4.
e5 d4 5. exf6 dxc3 6. fxg7 cxd2+ 7. Qxd2 Qxd2+ 8. Bxd2 Bxg7 9. O-O-O c5 10. Be3 b6 11.
Be2 Bb7 12. Bf3 Nc6 13. Ne2 Ke7 14. a3 Na5 15. Bxb7 Nxb7 16. Kc2 Nd6 17. b3 Nf5 18. g4 Nxe3+ 19. fxe3 Be5 20. Nf4 Rad8 21. h3 Rxd1 22. Rxd1 a6 23. a4 Rb8 24. Nd3 Bg7 25. a5 b5 26. Rb1 bxc4 27. bxc4 Rxb1 28. Kxb1 Kd6 29.
Kc2 Bf6 30. e4 Bd8 31. e5+ Kc6 32. Nf2 Bxa5 33. Ne4 Bc7 34. Ng5 Bxe5 35. Nxf7 Bf6 36. g5 Bg7 37. h4 Kd7 38. h5 Ke7 39. g6 hxg6 40. hxg6 Kf6 41. Nd8 e5 42. Nb7 Bf8 43.
g7 Kxg7 44. Kd3 Kf6 45. Ke4 Ke6 46. Na5 Bd6 47. Nb7 Be7 48. Na5 Bd8 49. Nb3 Bb6 50.
Na1 a5 51. Nc2 a4 52. Na3 Ba5 53. Nb5 Bb4 54. Nc7+ Kd6 55. Nb5+ Ke6 56. Nc7+ Kd7 57. Nd5 a3 0-1

[Event "*** Titled Tuesday Blitz"]
[Site "Chess.com"]
[Date "2021.04.20"]
[Round "1"]
[White "RenarddesSurfaces"]
[Black "Vaathi_Coming"]
[Result "0-1"]
[WhiteElo "2458"]
[BlackElo "2907"]
[TimeControl "180+1"]
[EndTime "10:08:25 PDT"]
[Termination "Vaathi_Coming won by resignation"]

1. e4 e5 2. Nf3 Nc6 3. Bb5 a6 4. Bxc6 dxc6 5. Nc3 f6 6. d4 exd4 7. Qxd4 Qxd4 8. Nxd4 Bd7 9. Be3 O-O-O 10. O-O-O c5 11. Nde2 b6 12. Nd5 Ne7 13. Nef4 Nc6 14. h4 Ne5 15. f3 h5 16. Rd2 Nc4 17. Rdd1 Bd6 18. Ng6 Nxe3 19.
Nxh8 Nxd5 20. Nf7 Bf4+ 21. Kb1 Ne3 22. Rd3 Rf8 23. g3 Bxg3 24. Rg1 Rxf7 25. Rxg3 Nc4 26. f4 Bc6 27. b3 Bxe4 28. bxc4 Bxd3 29. cxd3 Re7 30.
Kc2 Kd7 31. Kc3 Ke8 32. Rg2 Kf7 33. a4 Re1 34. a5 Re6 35. Ra2 Rd6 36. axb6 Rxb6 37.
Ra5 Rc6 38. Ra2 Kg6 39. Rg2+ Kf5 40. Rxg7 Kxf4 41. Rg6 Kf5 42. Rg8 a5 43. Rg7 a4 44.
Rg8 a3 45. Kb3 Ra6 46. Ka2 Kf4 47. Rg7 Ra7 48. Rg6 f5 49. Rc6 Kg3 50. Rxc5 Kg4 51.
Re5 f4 52. d4 f3 53. Re8 Kxh4 54. Rf8 Kg3 55. d5 f2 56. c5 Ra5 57. d6 cxd6 58.
cxd6 Rd5 59. Rg8+ Kf3 60. Rf8+ Kg2 61. Rf6 Rxd6 0-1

[Event "*** Titled Tuesday Blitz"]
[Site "Chess.com"]
[Date "2021.04.20"]
[Round "1"]
[White "ErikRonka"]
[Black "Sanan_Sjugirov"]
[Result "0-1"]
[WhiteElo "2459"]
[BlackElo "2917"]
[TimeControl "180+1"]
[EndTime "10:08:26 PDT"]
[Termination "Sanan_Sjugirov won by resignation"]

1. d4 Nf6 2. c4 c5 3. d5 e6 4. Nc3 exd5 5. cxd5 d6 6. e4 g6 7. Nge2 Bg7 8. Ng3 O-O 9. Be2 Re8 10. O-O a6 11. a4 h5 12. Bg5 Qb6 13. Qd2 Nbd7 14.
a5 Qc7 15. Rfc1 Nh7 16. Be3 h4 17. Nh1 h3 18. g3 Ne5 19. f3 f5 20. Nf2 Nf6 21. Kh1 fxe4 22. Nfxe4 Nxe4 23. Nxe4 Bf5 24. Ng5 Qe7 25. Ne6 Bxe6 26. dxe6 Qxe6 27. Bf4 Rad8 28. Qe3 Kh7 29. Bf1 Qf5 30. Qe4 Qxe4 31. fxe4 Ng4 32.
Rc2 Bd4 33. Bxh3 Nf2+ 34. Kg2 Nxh3 35. Kxh3 Rxe4 36. Rf1 Kg7 37. b4 Rd7 38. bxc5 dxc5 39. Kg4 Rde7 40. h4 Re2 41. Rc4 Ra2 42. h5 gxh5+ 43. Kxh5 Rxa5 44. Bh6+ Kh7 45. Rc2 c4+ 46. Bg5 Rg7 47. Rf4 Raxg5+ 48. Kh4 Be5 49. Rfxc4 Bxg3+ 50. Kh3 Be5 51. Rh4+ Kg6 52. Re4 Rh5+ 53. Kg4 Rg5+ 54. Kf3 Rf7+ 55. Ke2 Rg2+ 56. Kd3 Rd7+ 57. Kc4 Rc7+ 58.
Kb3 Rgxc2 59. Rxe5 R2c6 60. Rd5 Kf7 61. Rd4 Ke7 62.
Re4+ Kd7 63. Rd4+ Kc8 0-1

[Event "*** Titled Tuesday Blitz"]
[Site "Chess.com"]
[Date "2021.04.20"]
[Round "1"]
[White "GM_dmitrij"]
[Black "PlotnikovPavel"]
[Result "1-0"]
[WhiteElo "2904"]
[BlackElo "2458"]
[TimeControl "180+1"]
[EndTime "10:08:28 PDT"]
[Termination "GM_dmitrij won by checkmate"]

1. e4 e5 2. Nf3 Nc6 3. d4 exd4 4.
Nxd4 Bc5 5. Be3 Qf6 6. c3 Nge7 7. Bb5 d6 8. O-O O-O 9. Re1 Qg6 10. Nd2 Bd7 11.
Bf1 f5 12. Nxc6 Bxc6 13. Bxc5 dxc5 14. exf5 Nxf5 15. Nc4 Rad8 16. Qc2 Nh4 17. Qxg6 Nxg6 18. Na5 Rd2 19. Nxc6 bxc6 20. Bc4+ Kh8 21. Re2 Rfd8 22. Kf1 Nf4 23. Rxd2 Rxd2 24. Re1 h6 25. g3 Nh3 26.
Re2 Rxe2 27. Kxe2 Ng5 28. Ke3 g6 29. f4 Nh7 30. Ke4 Kg7 31. Ke5 Nf8 32. g4 Nd7+ 33. Ke6 Nb6 34. b3 a5 35. a4 Nc8 36. Kd7 Nd6 37. Kxc7 Ne4 38. Kxc6 Kf6 39. Kb5 Nxc3+ 40. Kxa5 Ne4 41. Kb6 g5 42. f5 h5 43. gxh5 Nd6 44.
a5 Kxf5 45. a6 g4 46. Kc6 Nc8 47. Kc7 Na7 48. Kb7 g3 49. hxg3 Kg5 50. Kxa7 Kh6 51. Kb6 Kxh5 52. Kb5 Kg4 53. a7 Kxg3 54. a8=Q Kf2 55.
Kxc5 Ke3 56. Qd5 Kf4 57. Kd4 Kg4 58. Ke4 Kg3 59. Qg5+ Kf2 60. Bd3 Ke1 61. Qg1+ Kd2 62.
Qf2+ Kc3 63. Qc2+ Kb4 64. Kd4 Ka3 65. b4 Kxb4 66. Qb2+ Ka5 67. Qb5# 1-0

[Event "*** Titled Tuesday Blitz"]
[Site "Chess.com"]
[Date "2021.04.20"]
[Round "1"]
[White "AlhosaniOmran1"]
[Black "MikeSailer"]
[Result "1-0"]
[WhiteElo "2512"]
[BlackElo "2172"]
[TimeControl "180+1"]
[EndTime "10:08:28 PDT"]
[Termination "AlhosaniOmran1 won by resignation"]

1. e4 d5 2. exd5 Qxd5 3. d4 Nc6 4. Nf3 Bg4 5. Be2 O-O-O 6. c3 e5 7. dxe5 Qxd1+ 8. Bxd1 Nxe5 9. Nbd2 Nd3+ 10. Kf1 Nf6 11. Be2 Bc5 12. Nb3 Bb6 13. Nbd4 Nxc1 14. Rxc1 Rhe8 15.
h3 Bh5 16. g4 Bg6 17. Bb5 c6 18. Bc4 Ne4 19. Kg2 Nd6 20. Bb3 Be4 21. Rhe1 c5 22. Ne2 f5 23. Ng3 Bxf3+ 24. Kxf3 fxg4+ 25. hxg4 Rf8+ 26. Nf5 Nxf5 27. gxf5 Rxf5+ 28. Kg2 c4 29. Bxc4 Rxf2+ 30. Kg3 Rxb2 31. Re7 Bc7+ 32. Kf3 Rf8+ 33. Ke4 Rf4+ 34.
Kd5 Rd2+ 35. Kc5 Bd6+ 36. Kb5 Bxe7 37. Re1 Bd8 38. Be6+ Kc7 39. c4 Rb2+ 40. Ka4 Rf3 41. Bd5 Kd7 42. Bxf3 Be7 43. Bg4+ Kd8 44. Rd1+ Ke8 45. Bd7+ Kf7 46. Rf1+ Bf6 47. a3 Ke7 48. Bf5 Kd8 49. Bxh7 Be7 50. Rd1+ Kc7 51. Bf5 Bd6 52. Rd5 b6 53. Rb5 a6 54. Rxb2 Bc5 55. Rg2 1-0

[Event "*** Titled Tuesday Blitz"]
[Site "Chess.com"]
[Date "2021.04.20"]
[Round "1"]
[White "A-S-00"]
[Black "Iskusnyh"]
[Result "0-1"]
[WhiteElo "2333"]
[BlackElo "2637"]
[TimeControl "180+1"]
[EndTime "10:08:29 PDT"]
[Termination "Iskusnyh won on time"]

1. d4 d5 2. Nf3 Nf6 3. c4 e6 4. g3 Be7 5. Bg2 O-O 6. O-O c6 7. Qc2 Nbd7 8. Nbd2 b6 9. e4 Bb7 10. e5 Ne8 11. Rd1 Rc8 12. b3 c5 13. Bb2 Nc7 14.
Rac1 Na6 15. Qb1 cxd4 16. Bxd4 Ndc5 17. h4 Nb4 18. a3 Nc6 19. Bb2 a5 20. cxd5 exd5 21.
Nd4 Nxe5 22. Nf5 Bf6 23. Qa1 Re8 24. Nf3 Nxf3+ 25. Bxf3 Nxb3 26. Bxf6 Nxa1 27. Bxd8 Rxc1 28.
Rxc1 Nb3 29. Rc7 Rxd8 30. Rxb7 d4 31. Ne7+ Kf8 32. Nc6 Rc8 33. Rb8 Rxb8 34. Nxb8 d3 35. Bd1 Nc5 36. Nc6 Ne4 37. Kf1 Nc3 38. Ke1 Nb1 39. a4 Nc3 40. Nd4 Ke7 41. Nb5 Ne4 42. Nd4 Nc3 43. Nf3 Kd6 44. Kd2 Ne4+ 45. Kxd3 Nxf2+ 46. Ke2 Ne4 47. g4 Nc3+ 48. Kd3 Ne4 49. Kxe4 Kc5 50. Bc2 Kb4 51. Ne5 Kc3 52. Nd7 Kxc2 0-1

[Event "*** Titled Tuesday Blitz"]
[Site "Chess.com"]
[Date "2021.04.20"]
[Round "1"]
[White "BvsN"]
[Black "Skat2704"]
[Result "0-1"]
[WhiteElo "2364"]
[BlackElo "2665"]
[TimeControl "180+1"]
[EndTime "10:08:30 PDT"]
[Termination "Skat2704 won by resignation"]

1. c4 c5 2. Nf3 Nc6 3. e3 g6 4. d4 cxd4 5. exd4 d5 6. cxd5 Qxd5 7. Nc3 Qd8 8. d5 Nb8 9. Bb5+ Bd7 10. O-O Bg7 11. d6 Bxc3 12. Bxd7+ Qxd7 13. bxc3 Qxd6 14. Qb3 Nf6 15. Qxb7 Qc6 16. Rb1 O-O 17. Qxe7 Re8 18. Qb4 Nd5 19. Qh4 Nxc3 20. Ng5 h5 21. Ra1 Qb5 22. Be3 Nc6 23. Rac1 Ne2+ 24. Kh1 Nxc1 25. Rxc1 Ne5 26. h3 Nd3 27. Rf1 Qf5 28.
Nf3 Re4 29. Qg3 Rae8 30. Qh2 Ne5 31. Nd4 Qf6 32. Nf3 Nxf3 33. gxf3 Qxf3+ 34. Qg2 Qxg2+ 35. Kxg2 Ra4 36. Rc1 Rxa2 37. Kf3 a5 38. Rc7 a4 39.
Ra7 a3 40. Kf4 Rc8 41. Kg5 Rc6 42. Kh6 f5 43. Ra8+ Kf7 44. Ra7+ Ke6 45. Kxg6 Kd5+ 46. Kxf5 Kc4 47. Ra4+ Kb3 48. Ra8 Kc2 49. Rb8 Ra1 50. Bd4 Rb1 51. Ra8 Rb3 52. f4 Kb1 53. Be5 a2 54.
Kg5 Rbb6 55. f5 Ra6 56. Rxa6 Rxa6 57. f6 Ra5 58. Kf5 Rxe5+ 59. Kxe5 a1=Q+ 60. Ke6 Qa6+ 61. Ke7 Qe2+ 62. Kd7 Qd3+ 63. Ke7 Qxh3 64. f7 Qf5 65. f8=Q Qxf8+ 66. Kxf8 h4 0-1